 Dungeon Crawl Stone Soup version 0.27-a0-385-g3208abaabc (webtiles) character file.

Game seed: 3162606807246253851

252 wampuh the Magician (level 5, -7/35 HPs)
             Began as a Demonspawn Hedge Wizard on Feb 19, 2021.
             Splashed by Ijyb's acid (12 damage)
             ... on level 3 of the Dungeon.
             The game lasted 00:07:30 (4532 turns).

wampuh the Magician (Demonspawn Hedge Wizard)       Turns: 4532, Time: 00:07:32

Health: -7/35      AC:  4    Str: 10    XL:     5   Next: 89%
Magic:  11/11      EV: 12    Int: 16    God:
Gold:   153        SH:  0    Dex: 13    Spells: 11/12 levels left

rFire    . . .     SeeInvis .   x - +0 rapier (drain)
rCold    . . .     Faith    .   h - +0 buckler
rNeg     . . .     Spirit   .   b - +0 robe
rPois    +         Reflect  .   m - +2 hat
rElec    .         Harm     .   l - +0 cloak
rCorr    .         Rampage  .   (no gloves)
Will     .....                  (no boots)
Stlth    +.........             (no amulet)
HPRegen  0.11/turn              r - ring of poison resistance
MPRegen  0.12/turn              q - ring of flight

@: confused, corroded
A: molten scales 2
a: Evoke Flight


You were on level 3 of the Dungeon.
You visited 1 branch of the dungeon, and saw 4 of its levels.

You collected 153 gold pieces.

Inventory:

Hand Weapons
 x - a +0 rapier of draining (weapon)
Armour
 b - a +0 robe (worn)
 h - a +0 buckler (worn)
 l - a +0 cloak (worn)
 m - a +2 hat (worn)
Jewellery
 f - a ring of ice
 n - a ring of fire
 q - a ring of flight (right hand)
 r - a ring of poison resistance (left hand)
Scrolls
 d - 2 scrolls of teleportation {unknown}
 g - 4 scrolls of identify {unknown}
 o - a scroll of magic mapping {unknown}
 s - a scroll of enchant weapon {unknown}
Potions
 e - a potion of brilliance {unknown}
 i - a potion of lignification {unknown}
 j - a potion of berserk rage {unknown}
 k - a potion of heal wounds {unknown}
 t - a potion of flight {unknown}
 u - 2 potions of curing {unknown}
 v - a potion of magic {unknown}
 w - a potion of degeneration {unknown}


   Skills:
 - Level 1.7 Dodging
 - Level 1.7 Stealth
 + Level 2.5 Shields
 + Level 4.4 Spellcasting
 + Level 3.5 Conjurations
 - Level 1.0 Summonings
 - Level 0.8 Translocations


You had 11 spell levels left.
You knew the following spells:

 Your Spells              Type           Power        Failure   Level
a - Magic Dart            Conj           60%          4%          1

Your spell library contained the following spells:

 Spells                   Type           Power        Failure   Level
 Call Imp                 Summ           6%           19%         2
 Blink                    Tloc           N/A          21%         2
 Slow                     Hex            3%           28%         2
 Conjure Flame            Conj/Fire      9%           28%         3
 Mephitic Cloud           Conj/Pois/Air  7%           34%         3


Dungeon Overview and Level Annotations

Branches:
Dungeon (4/15)
 Temple: D:4-7

Altars:
Makhleb
Okawaru

Annotations:
D:3 Ijyb


Innate Abilities, Weirdness & Mutations

You are mostly covered in molten scales. (AC +3)


Message History

Aiming: Magic Dart (safe; 4% risk of failure)
Press: ? - help, Shift-Dir - straight line, f/p - Ijyb
Aim: Ijyb, wielding a +0 club, wearing a +0 leather armour and carrying a wand of acid (9) (moderately wounded, 0% to evade)
The magic dart hits Ijyb but does no damage.
Ijyb is moderately wounded.
Casting: Magic Dart (safe; 4% risk of failure)
Confirm with . or Enter, or press ? or * to list all spells.
Aiming: Magic Dart (safe; 4% risk of failure)
Press: ? - help, Shift-Dir - straight line, f/p - Ijyb
Aim: Ijyb, wielding a +0 club, wearing a +0 leather armour and carrying a wand of acid (9) (moderately wounded, 0% to evade)
The magic dart hits Ijyb but does no damage.
Ijyb is moderately wounded.
Ijyb zaps a wand.
The bolt of acid hits you!
You are splashed with acid!
* * * LOW HITPOINT WARNING * * *
Casting: Magic Dart (safe; 4% risk of failure)
Confirm with . or Enter, or press ? or * to list all spells.
Aiming: Magic Dart (safe; 4% risk of failure)
Press: ? - help, Shift-Dir - straight line, f/p - Ijyb
Aim: Ijyb, wielding a +0 club, wearing a +0 leather armour and carrying a wand of acid (8) (moderately wounded, 0% to evade)
The magic dart hits Ijyb.
Ijyb is moderately wounded.
Okay, then.
It was a potion of ambrosia.
You are confused.
You feel invigorated. Ijyb hits you with a +0 club.
* * * LOW HITPOINT WARNING * * *
You bump into the rock wall.
You hit Ijyb but do no damage. You drain Ijyb.
Ijyb is heavily wounded.
Ijyb hits you but does no damage. Ijyb misses you.
You closely miss Ijyb.
Ijyb is heavily wounded.
Ijyb hits you but does no damage.
You bump into the rock wall.
Ijyb screams, "Die!"
Ijyb zaps a wand.
The bolt of acid hits you!!
Ouch! That really hurt!
* * * LOW HITPOINT WARNING * * *
The acid corrodes you!
You are splashed with acid!
You die...

....#.# .#..#.# ......#
###### .#..## #...(.
....####.###....#
....†.........#.#
##..####.####.#.# #
#..## #.####.#g##.#
#...# #........@..#
#...# ######.#.####
##...#####....#.########
.......^..###.#.........
.......)..# #.##########
........#(###.#
##...#####...## #...#
##.## #...# #.#


You could see Ijyb (drained).

Vanquished Creatures
  A hound (D:4)
  Jessica (D:2)
  An orc wizard (D:4)
  Terence (D:2)
  Robin (D:1)
  3 adders
  An ooze (D:1)
  3 worms
  4 dart slugs (D:1)
  2 leopard geckos (D:1)
  A ball python (D:1)
  2 giant cockroaches
  10 hobgoblins
  12 jackals
  6 kobolds
  9 bats
  7 frilled lizards
  13 goblins
  A jackal skeleton (D:4)
  A quokka skeleton (D:4)
  5 rats
85 creatures vanquished.

Notes
Turn   | Place    | Note
-------+----------+-------------------------------------------
     0 | D:1      | wampuh the Demonspawn Hedge Wizard began the quest for the
                  | Orb.
     0 | D:1      | Reached XP level 1. HP: 13/13 MP: 4/4
   558 | D:1      | Gained mutation: You are partially covered in molten
                  | scales. (AC +2) [demonic ancestry]
   558 | D:1      | Reached XP level 2. HP: 19/19 MP: 4/6
  1168 | D:1      | Reached XP level 3. HP: 18/24 MP: 0/8
  1973 | D:1      | Reached skill level 1 in Shields
  2345 | D:2      | Noticed Robin
  2434 | D:1      | Gained mutation: You are mostly covered in molten scales.
                  | (AC +3) [demonic ancestry]
  2434 | D:1      | Reached XP level 4. HP: 28/30 MP: 7/9
  2443 | D:1      | Killed Robin
  2638 | D:2      | Noticed Jessica
  2646 | D:2      | Killed Jessica
  2828 | D:2      | Found an iron altar of Okawaru.
  2901 | D:2      | Reached skill level 4 in Spellcasting
  3253 | D:2      | Reached XP level 5. HP: 33/35 MP: 11/11
  3371 | D:2      | Found a burning altar of Makhleb.
  3661 | D:2      | Noticed Terence
  3678 | D:2      | Killed Terence
  4086 | D:2      | You fall into a shaft and drop 2 floors!
  4522 | D:3      | Noticed Ijyb
  4532 | D:3      | Splashed by Ijyb's acid

Illustrated notes

Levels and vault maps discovered:
D:1:      ebering_trefoil_3fold, layout_basic, minmay_liquid_box, st_stairs_3
D:2:      layout_loops_ring, old_standard_altar, general_overflow_altar,
          minmay_misc_feat_chi, minmay_pentomino_t4, uniq_robin, uniq_jessica,
          uniq_terence
D:3:      layout_loops_ring, nicolae_overflow_hidden_temple, uniq_ijyb
D:4:      layout_basic, minmay_temple_entry_steel_oval

Skill      XL: |  1  2  3  4  5 |
---------------+----------------+-----
Conjurations   | 2 3 |  3.5
Shields        | 1 2 |  2.5
Spellcasting   | 4 |  4.4
Dodging        | |  1.7
Stealth        | |  1.7
Summonings     | |  1.0
Translocations | |  0.8

Action                   |  1- 3 |  4- 6 || total
-------------------------+-------+-------++-------
Melee: Dagger            |    82 |    16 ||    98
       Spear             |       |    71 ||    71
       Rapier            |       |     6 ||     6
 Cast: Magic Dart        |   104 |    75 ||   179
  Use: Potion            |       |     1 ||     1
 Stab: Sleeping          |     1 |     4 ||     5
       Distracted        |       |     1 ||     1
Armor: Robe              |    36 |    55 ||    91
Dodge: Dodged            |    71 |    62 ||   133
Block: Buckler           |    10 |    20 ||    30

Table legend: (Time is in decaauts)
 A = Elapsed time spent in this place.
 B = Non-inter-level travel time spent in this place.
 C = Inter-level travel time spent in this place.
 D = Time resting spent in this place.
 E = Time spent auto-exploring this place.
 F = Levels seen in this place.
 G = Mean time per level.
                   A        B        C        D        E       F      G
               +--------+--------+--------+--------+--------+-----+--------+
         Total |   4546 |   4502 |     44 |   2015 |   1768 |   4 | 1136.5 |
       Dungeon |   4546 |   4502 |     44 |   2015 |   1768 |   4 | 1136.5 |
               +--------+--------+--------+--------+--------+-----+--------+

Top non-repeatable levels by time:
     D:1: 2464 daAuts
     D:2: 1752 daAuts
     D:3: 255 daAuts
     D:4: 74 daAuts
